 Dungeon Crawl Stone Soup version 0.20.0-15-g7f486f2 (webtiles) character file.

375629 asdasd2 the Conqueror (level 21, -10/224 HPs)
             Began as a Minotaur Fighter on June 13, 2017.
             Was the Champion of Okawaru.
             Mangled by a white very ugly thing (42 damage)
             ... on level 5 of the Vaults.
             The game lasted 01:51:18 (48270 turns).

asdasd2 the Conqueror (Minotaur Fighter)           Turns: 48270, Time: 01:51:19

Health: -10/224    AC: 40    Str: 42    XL:     21   Next: 44%
Magic:  12/13      EV: 23    Int: 18    God:    Okawaru [******]
Gold:   3440       SH:  3    Dex: 19    Spells: 20/20 levels left

rFire    . . .     SeeInvis +   W - +8 battleaxe of Kuashriy {flame, Int+6 SInv}
rCold    . . .     Gourm    .   (shield currently unavailable)
rNeg     . . .     Faith    .   G - +6 crystal plate armour
rPois    .         Spirit   .   S - +0 mask of the Dragon {MR+ Slay+3 SInv}
rElec    .         Reflect  +   d - scarf of Indemnity {+Inv MR- MP-9 Str+7}
rCorr    .         Harm     .   J - +2 pair of gloves
MR       +....                  Q - +2 pair of boots {run}
Stlth    ..........             u - amulet "Latung" {Reflect Int+7 SH+3}
Regen    0.5/turn               B - +3 ring of dexterity
MPRegen  0.2/turn               H - +6 ring of evasion

@: mighty, agile, lethally poisoned (-10 -> -13), about to teleport, marked,
slowed, drained, very slow
A: retaliatory headbutt, horns 2
}: 3/15 runes: decaying, silver, gossamer
a: Heroism, Finesse, Renounce Religion, Evoke Invisibility


You were on level 5 of the Vaults.
You worshipped Okawaru.
Okawaru was exalted by your worship.
You were not hungry.

You visited 7 branches of the dungeon, and saw 37 of its levels.
You also visited: Labyrinth.

You collected 4254 gold pieces.
You spent 814 gold pieces at shops.

Inventory:

Hand Weapons
 I - a +0 flail
 K - a +4 battleaxe of holy wrath
 P - a +2 vampiric battleaxe
 V - the +5 war axe "Zash" {speed, Dex+4 Stlth+}
   (You took it off a spriggan rider on level 2 of the Swamp)

   Attacks with this weapon are significantly faster.
   It affects your dexterity (+4).
   It makes you more stealthy.
 W - the +8 battleaxe of Kuashriy (weapon) {flame, Int+6 SInv}
   (Okawaru gifted it to you on level 1 of the Vaults)

   It has been specially enchanted to burn those struck by it, causing extra
   injury to most foes and up to half again as much damage against particularly
   susceptible opponents.
   Big, fiery blades are also staple armaments of hydra-hunters.
   It affects your intelligence (+6).
   It lets you see invisible.
Armour
 d - the scarf of Indemnity (worn) {+Inv MR- MP-9 Str+7}
   (Okawaru gifted it to you on level 12 of the Dungeon)

   It affects your strength (+7).
   It affects your resistance to hostile enchantments.
   It affects your magic capacity (-9).
   It lets you turn invisible.
 G - a +6 crystal plate armour (worn)
 J - a +2 pair of gloves (worn)
 Q - a +2 pair of boots of running (worn)
 S - the +0 mask of the Dragon (worn) {MR+ Slay+3 SInv}
   (You found it in a labyrinth)

   It affects your accuracy and damage with ranged weapons and melee attacks
   (+3).
   It affects your resistance to hostile enchantments.
   It lets you see invisible.
 Y - a +1 cloak of poison resistance
 Z - the +5 crystal plate armour of Grace {Dex+6}
   (Okawaru gifted it to you on level 4 of the Vaults)

   It affects your dexterity (+6).
Jewellery
 a - an uncursed amulet of guardian spirit
 m - an uncursed ring of protection from fire
 r - an uncursed amulet of rage
 u - the amulet "Latung" (around neck) {Reflect Int+7 SH+3}
   (You acquired it on level 10 of the Dungeon)

   [amulet of reflection]

   It shields you and reflects attacks.
   It affects your intelligence (+7).
   It affects your SH (+3).
 B - a +3 ring of dexterity (left hand)
 D - an uncursed ring of protection from cold
 F - an uncursed amulet of harm
 H - a +6 ring of evasion (right hand)
Wands
 s - a wand of disintegration (18/24)
 v - a wand of lightning (13/15)
 E - a wand of digging (6/24)
 L - a wand of paralysis (10/24)
 M - a wand of lightning (7/15)
 U - a wand of digging (7/24)
Scrolls
 b - 2 scrolls of silence
 c - 3 scrolls of magic mapping
 i - 13 scrolls of remove curse
 n - a scroll of enchant weapon
 o - 2 scrolls of fear
 p - 14 scrolls of teleportation
 y - 3 scrolls of fog
 C - 9 scrolls of recharging
Potions
 e - 3 potions of resistance
 g - 6 potions of might
 h - 4 potions of berserk rage
 j - 6 potions of brilliance
 l - 7 potions of mutation
 q - 11 potions of curing
 w - 4 potions of ambrosia
 x - 8 potions of flight
 z - 2 potions of invisibility
 N - 2 potions of haste
 T - 2 potions of cancellation
Books
 O - a book of Changes

   Spells                             Type                      Level
   a - Beastly Appendage              Transmutation                1
   b - Sticks to Snakes               Transmutation                2
   c - Spider Form                    Transmutation/Poison         3
   d - Ice Form                       Ice/Transmutation            4
   e - Blade Hands                    Transmutation                5
Comestibles
 f - 24 bread rations
 k - 17 meat rations
 t - 11 royal jellies


   Skills:
 O Level 27(26.9) Fighting
 + Level 25.1(25.2) Axes
 + Level 6.8(18.2) Maces & Flails
 + Level 19.9(19.8) Armour
 + Level 4.8(4.7) Dodging
   Level 3.6(3.5) Shields
 + Level 2.7(2.6) Invocations


You had 20 spell levels left.
You didn't know any spells.

Dungeon Overview and Level Annotations

Branches:
Dungeon (15/15)            Temple (1/1) D:7            Lair (6/6) D:11
  Swamp (4/4) Lair:2       Spider (4/4) Lair:4        Slime (0/5) Lair:5
    Orc (2/2) D:11            Elf (0/3) Orc:2        Vaults (5/5) D:14
  Crypt (0/3) Vaults:3     Depths (0/5) D:15

Altars:
Ashenzari
Cheibriados
Dithmenos
Elyvilon
Fedhas
Gozag
Hepliaklqana
Kikubaaqudgha
Makhleb
Nemelex Xobeh
Okawaru
Qazlal
Ru
Sif Muna
Trog
Uskayaw
Vehumet
Xom
Yredelemnul
Zin
The Shining One
Beogh
Jiyva

Shops:
Orc:2 }?(!   Vaults:1 *   Vaults:2 (   Vaults:4 [

Portals:
Pandemonium: Orc:2
Trove: Vaults:2 (give +4 storm dragon scales)

Annotations:
Lair:2 exclusion: 2 oklob plants
Lair:3 exclusion: oklob plant


Innate Abilities, Weirdness & Mutations

You reflexively headbutt those who attack you in melee.
You have a pair of horns on your head.


Message History

* * * LOW HITPOINT WARNING * * *
The golden dragon claws you but does no damage.
You block the golden dragon's attack.
The deep elf death mage hits you but does no damage.
The shadow dragon bites you but does no damage.
The shadow dragon closely misses you.
The shadow dragon claws you but does no damage.
The stone giant misses you. You furiously retaliate!
You headbutt the stone giant!!
The vault warden activates a sealing rune.
The war gargoyle hits you but does no damage.
The deep elf elementalist closely misses you.
You furiously retaliate!
You headbutt the deep elf elementalist!!!
You kill the deep elf elementalist!
Okawaru accepts your kill. The white very ugly thing gores you!
* * * LOW HITPOINT WARNING * * *
The white very ugly thing freezes you!!!
You die...

.p###.p..)#.....#....#..#
....... ..#
#....)#.....#....#bp###..#.#.
..#
#.....#.....#....#pc.........
.?#
#(....#........D.CDD.........
###############....D...####
..§..D....c......*Qclk.....
........?.Cp.(..e.Dc..e....
.............(.)C9Q*9......
...........C.CQ9@ue§..[....
###############DDD((...####
......a)[[.....#
......#....#.D.#
.......#....#.#.#
....(..#.9..# # #
##.....#....# ##....#....#
##. #....#


You could see 3 shadow dragons, an iron dragon, a titan, 2 golden dragons, 2
storm dragons, 2 frost giants, a white very ugly thing, an ice dragon, a stone
giant, a vault warden, 3 tengu reavers, a death knight, 2 yaktaur captains, a
queen ant, a deep elf death mage, an ettin shaped shifter, a wind drake shaped
shifter, 4 war gargoyles, 2 deep elf archers, an ironbrand convoker, a komodo
dragon shaped shifter, 2 yaktaurs, a fire bat and 2 battlespheres.

Vanquished Creatures
  An ancient lich (Vaults:5)
  Nikola (Vaults:1)
  Arachne (Spider:3)
  2 tentacled monstrosities
  3 titans (Vaults:5)
  A lich (Vaults:3)
  A quicksilver dragon (Vaults:5)
  2 sphinxes (Vaults:4)
  3 thorn hunters (Swamp:4)
  Frances (Spider:2)
  2 shadow dragons (Vaults:5)
  A storm dragon (Vaults:5)
  Kirke (Lair:5)
  3 tengu reavers
  A fire giant (Vaults:3)
  Aizul (Vaults:2)
  18 vault wardens
  3 ghost moths (Spider:4)
  4 frost giants
  A deep elf elementalist (Vaults:5)
  The ghost of Bareth the Bludgeoner, a journeyman MiBe of Trog (Swamp:1)
  2 emperor scorpions (Spider:4)
  19 ironheart preservers
  A very ugly thing (Vaults:3)
  A war gargoyle (Vaults:5)
  7 stone giants
  A deep elf demonologist (Vaults:5)
  3 entropy weavers
  Azrael (D:13)
  2 spark wasps (Spider:4)
  The ghost of crawlian the Arsonist, a journeyman DEFE of Vehumet (Swamp:1)
  6 ettins
  3 fire dragons
  35 vault guards
  A minotaur (Lab)
  2 great orbs of eyes (Vaults:3)
  A rakshasa (Vaults:3)
  Josephine (D:10)
  7 yaktaur captains
  5 ice dragons
  11 ogre magi
  16 hydras
  3 ghost crabs (Swamp:4)
  The ghost of manyhoops the Carver, a journeyman DrGl of Makhleb (D:11)
  6 centaur warriors
  24 two-headed ogres
  2 death knights
  A catoblepas (D:15)
  A dancing weapon (Vaults:5)
  10 alligators
  A deep troll earth mage (Vaults:5)
  A vampire mage (D:15)
  A queen ant (Lair:3)
  2 deep elf knights (Vaults:1)
  5 orc high priests (Orc:2)
  14 spriggans
  Sonja (D:14)
  3 shadow wraiths
  2 skeletal warriors (D:15)
  An unseen horror (shapeshifter) (Vaults:2)
  A death drake (shapeshifter) (Vaults:3)
  2 flayed ghosts
  3 unseen horrors
  4 spriggan druids
  11 deep trolls
  4 infernal demonspawn (Orc:2)
  11 swamp dragons
  A glowing orange brain (Vaults:2)
  2 wizards (D:14)
  A deep elf archer (Vaults:1)
  2 lindwurms (Lair:6)
  A spark wasp zombie (D:15)
  A phantasmal warrior (D:15)
  2 necromancers
  5 shambling mangroves
  Pikel (D:5)
  An iron dragon zombie (D:15)
  4 harpies (Vaults:3)
  22 ironbrand convokers
  25 ugly things
  11 orc knights
  20 orb spiders
  7 cyclopes
  10 deep elf magi
  A human zombie (Vaults:5)
  An oklob plant (Lair:4)
  41 wolf spiders
  8 orc sorcerers
  18 slime creatures
  2 moths of wrath
  A centaur zombie (D:14)
  3 manticores
  2 black mambas (shapeshifter)
  3 black mambas
  13 vault sentinels
  8 torpor snails
  An elf zombie (Vaults:5)
  A smoke demon (Orc:2)
  A fire giant skeleton (Vaults:5)
  3 elephants (Lair:5)
  2 gargoyles
  3 centaur skeletons
  13 spiny frogs
  6 rime drakes
  15 demonic crawlers
  10 freezing wraiths
  A yaktaur (shapeshifter) (Vaults:5)
  A hellwing (Orc:2)
  45 yaktaurs
  10 komodo dragons
  A red devil (Orc:2)
  A tengu conjurer (D:12)
  A queen bee (shapeshifter) (Vaults:2)
  11 polar bears (Lair:6)
  30 jumping spiders
  3 meliai (Spider:3)
  9 trolls
  Grinder (D:5)
  38 hornets
  11 tyrant leeches
  A human simulacrum (Vaults:5)
  A deep troll zombie (D:15)
  6 dream sheep (Lair:6)
  14 blink frogs
  A fire dragon zombie (D:15)
  12 hippogriffs
  6 bog bodies
  A raiju (Lair:6)
  The ghost of CODWOMAN the Chiller, an amateur DsIE (D:5)
  74 redbacks
  A ynoxinul (Orc:2)
  6 wraiths
  2 shadows
  21 tarantellas
  3 wyverns
  42 yaks
  3 basilisks
  2 vampires
  3 fire elementals (D:13)
  6 hogs
  7 hungry ghosts
  A neqoxec (Orc:2)
  The ghost of Amianthus the Poker, an amateur MfSk (D:3)
  A steam dragon (D:11)
  21 humans
  35 vampire mosquitoes
  18 swamp worms
  11 wargs
  20 soldier ants (Lair:3)
  16 insubstantial wisps
  21 hell hounds
  9 water moccasins
  4 acid dragons
  A human skeleton (Vaults:5)
  4 porcupines
  Duvessa (D:4)
  20 swamp drakes
  48 orc warriors
  A sky beast (D:14)
  A slave (D:5)
  14 black bears
  9 boggarts
  A necrophage (D:10)
  11 ice beasts
  18 wolves
  32 centaurs
  33 ogres
  6 crocodiles
  2 big kobolds
  20 bullfrogs
  A wyvern zombie (D:6)
  An earth elemental (Orc:2)
  A gnoll sergeant (D:7)
  2 wyvern skeletons
  A hornet simulacrum (D:15)
  Dowan (D:4)
  4 scorpions
  18 killer bees
  2 howler monkeys (D:11)
  8 wights (D:11)
  3 electric eels
  6 crimson imps
  A quasit (D:10)
  3 hounds
  2 jellies
  Crazy Yiuf (D:4)
  A bullfrog skeleton (D:6)
  32 orc priests
  28 orc wizards
  7 hell rats
  2 iguanas
  26 worker ants
  4 hound skeletons
  3 hound zombies
  A worker ant zombie (D:10)
  12 adders
  3 gnolls (D:7)
  3 shadow imps
  2 oozes
  2 adder skeletons
  2 adder zombies
  7 worms
  A dart slug (D:1)
  5 leopard geckos
  91 orcs
  A bat (D:2)
  5 giant cockroaches
  8 goblins
  6 hobgoblins
  11 jackals
  14 kobolds
  4 quokkas
  5 frilled lizards
  A jackal zombie (D:5)
  5 rats
  5 briar patches (Swamp:4)
  4 fungi
  3 plants
1680 creatures vanquished.

Vanquished Creatures (others)
  2 redbacks (Spider:3)
  A human (Lair:5)
  A centaur (Vaults:3)
  A bullfrog zombie (D:13)
  A jelly (D:13)
  An orc wizard (D:7)
  2 shadow imps
  2 bushes
  23 fungi
  37 plants
  2 withered plants (D:15)
73 creatures vanquished.

Grand Total: 1753 creatures vanquished

Notes
Turn   | Place    | Note
-------+----------+-------------------------------------------
     0 | D:1      | asdasd2 the Minotaur Fighter began the quest for the Orb.
     0 | D:1      | Reached XP level 1. HP: 19/19 MP: 0/0
    34 | D:1      | Reached skill level 4 in Fighting
    34 | D:1      | Reached XP level 2. HP: 17/27 MP: 1/1
   617 | D:2      | Found a blossoming altar of Fedhas.
   622 | D:2      | Reached XP level 3. HP: 32/34 MP: 2/2
  1446 | D:3      | Reached XP level 4. HP: 18/41 MP: 3/3
  1489 | D:3      | Noticed Amianthus's ghost (amateur MfSk)
  1703 | D:3      | Killed Amianthus's ghost
  1703 | D:3      | Reached skill level 5 in Fighting
  1703 | D:3      | Reached skill level 5 in Armour
  1703 | D:3      | Reached XP level 5. HP: 14/48 MP: 4/4
  2383 | D:3      | Found a hide-covered altar of Uskayaw.
  2571 | D:4      | Reached XP level 6. HP: 53/57 MP: 5/5
  2644 | D:4      | Found a runed door.
  2779 | D:4      | Reached skill level 5 in Axes
  3010 | D:4      | Noticed Duvessa
  3011 | D:4      | Noticed Dowan
  3021 | D:4      | Killed Duvessa
  3021 | D:4      | Reached skill level 1 in Dodging
  3027 | D:4      | Reached skill level 6 in Fighting
  3032 | D:4      | Killed Dowan
  3032 | D:4      | Reached XP level 7. HP: 17/63 MP: 6/6
  3364 | D:4      | Found a shattered altar of Ashenzari.
  3364 | D:4      | Found a basalt altar of Yredelemnul.
  3561 | D:4      | Noticed Crazy Yiuf
  3566 | D:4      | Killed Crazy Yiuf
  3684 | D:5      | Entered Level 5 of the Dungeon
  3684 | D:5      | Noticed CODWOMAN's ghost (amateur DsIE)
  3691 | D:5      | Killed CODWOMAN's ghost
  3823 | D:5      | Noticed Pikel
  3836 | D:5      | Killed Pikel
  3836 | D:5      | Reached skill level 7 in Fighting
  3836 | D:5      | Reached XP level 8. HP: 60/73 MP: 7/7
  4116 | D:5      | Noticed Grinder
  4133 | D:5      | Killed Grinder
  4600 | D:6      | Reached skill level 8 in Fighting
  4649 | D:6      | Found a radiant altar of Vehumet.
  4659 | D:6      | Reached XP level 9. HP: 74/82 MP: 8/8
  4988 | D:7      | Reached skill level 10 in Axes
  5095 | D:7      | Found a staircase to the Ecumenical Temple.
  5105 | Temple   | Entered the Ecumenical Temple
  5259 | Temple   | Became a worshipper of Warmaster Okawaru
  5534 | D:7      | Reached skill level 9 in Fighting
  5571 | D:7      | Reached * piety under Okawaru
  6175 | D:7      | Reached ** piety under Okawaru
  6175 | D:7      | Reached XP level 10. HP: 92/92 MP: 9/9
  6464 | D:8      | Reached skill level 10 in Fighting
  7346 | D:10     | Entered Level 10 of the Dungeon
  7353 | D:10     | Identified a scroll of acquirement
  7354 | D:10     | Got an ancient silver amulet
  7356 | D:10     | Identified the amulet "Latung" {Reflect Int+7 SH+3} (You acquired it on level 10 of the Dungeon)
  7706 | D:10     | Reached *** piety under Okawaru
  7806 | D:10     | Noticed Josephine
  7814 | D:10     | Reached skill level 11 in Fighting
  7821 | D:10     | Killed Josephine
  7838 | D:10     | Reached skill level 10 in Armour
  8210 | D:10     | Reached **** piety under Okawaru
  8527 | D:10     | Noticed a two-headed ogre
  8537 | D:10     | Killed a two-headed ogre
  8537 | D:10     | Reached XP level 11. HP: 101/104 MP: 7/10
  8660 | D:11     | Found a staircase to the Orcish Mines.
  8709 | D:11     | Noticed a two-headed ogre
  8716 | D:11     | Killed a two-headed ogre
  8716 | D:11     | Reached ***** piety under Okawaru
  8716 | D:11     | Reached skill level 12 in Fighting
  8930 | D:11     | Found a staircase to the Lair.
  8946 | D:11     | Killed an unseen horror
  9086 | D:11     | Noticed manyhoops's ghost (journeyman DrGl)
  9116 | Lair:1   | Entered Level 1 of the Lair of Beasts
 10014 | Lair:2   | Found a staircase to the Swamp.
 10156 | Lair:2   | Reached skill level 13 in Fighting
 10607 | Lair:2   | Noticed an oklob plant
 10607 | Lair:2   | Noticed an oklob plant
 10942 | Lair:3   | Received a gift from Okawaru
 11077 | Lair:3   | Noticed an oklob plant
 11212 | Lair:3   | Reached XP level 12. HP: 114/115 MP: 11/11
 11371 | Lair:3   | Noticed a queen ant
 11399 | Lair:3   | Reached skill level 15 in Axes
 11413 | Lair:3   | Killed a queen ant
 11420 | Lair:3   | Reached skill level 14 in Fighting
 11425 | Lair:3   | Reached ****** piety under Okawaru
 11809 | Lair:3   | Identified the Volume of Snow
 12630 | Lair:4   | Found a labyrinth entrance.
 12637 | Lab      | Entered a labyrinth
 13487 | Lab      | Noticed a minotaur
 13494 | Lab      | Killed a minotaur
 13494 | Lab      | Received a gift from Okawaru
 13582 | Lair:4   | Found a hole to the Spider Nest.
 13947 | Lair:4   | Reached skill level 15 in Fighting
 13990 | Lair:4   | Found a runed door.
 14415 | Lair:4   | Noticed a five-headed hydra
 14506 | Lair:4   | Killed a five-headed hydra
 14506 | Lair:4   | Received a gift from Okawaru
 14506 | Lair:4   | Reached XP level 13. HP: 112/127 MP: 10/12
 14850 | Lair:5   | Noticed Kirke
 14860 | Lair:5   | Reached skill level 1 in Maces & Flails
 14869 | Lair:5   | Killed Kirke
 15173 | Lair:5   | Found a viscous altar of Jiyva.
 15174 | Lair:5   | Found a staircase to the Slime Pits.
 15586 | Lair:6   | Entered Level 6 of the Lair of Beasts
 15611 | Lair:6   | Found a burning altar of Makhleb.
 15696 | Lair:6   | Reached skill level 16 in Fighting
 16375 | Lair:6   | Got a scorched plate armour
 16386 | Lair:6   | Identified the +0 plate armour "Lutius" {SInv} (You found it on level 6 of the Lair of Beasts)
 16417 | Lair:6   | Received a gift from Okawaru
 17160 | Lair:6   | Reached skill level 17 in Fighting
 17594 | Lair:6   | Reached XP level 14. HP: 107/140 MP: 13/13
 17937 | Lair:6   | Reached skill level 1 in Invocations
 18187 | Lair:6   | HP: 6/140 [tyrant leech (26)]
 18943 | Lair:6   | Received a gift from Okawaru
 19029 | Lair:6   | HP: 7/140 [hell rat (20)]
 19232 | Lair:5   | HP: 2/141 [komodo dragon (31)]
 19818 | Lair:6   | Found a runed door.
 20606 | D:11     | Killed manyhoops's ghost
 21109 | D:11     | Reached skill level 18 in Fighting
 21268 | D:11     | Found a roughly hewn altar of Beogh.
 21336 | D:12     | Found a blossoming altar of Fedhas.
 21601 | D:12     | Received a gift from Okawaru
 21604 | D:12     | Got a bloodstained scarf {god gift}
 21615 | D:12     | Identified the scarf of Indemnity {+Inv MR- MP-9 Str+7} (Okawaru gifted it to you on level 12 of the Dungeon)
 22547 | D:13     | Noticed Azrael
 22568 | D:13     | Killed Azrael
 23433 | D:14     | Noticed Sonja
 23441 | D:14     | Killed Sonja
 23841 | D:14     | Reached skill level 19 in Fighting
 24220 | D:14     | Reached XP level 15. HP: 137/152 MP: 5/14
 24557 | D:14     | Received a gift from Okawaru
 24666 | D:14     | Found a gate to the Vaults.
 24786 | D:15     | Entered Level 15 of the Dungeon
 25571 | D:15     | Found a staircase to the Depths.
 25709 | D:15     | Reached skill level 20 in Fighting
 26283 | D:15     | Found a radiant altar of Vehumet.
 26517 | Orc:1    | Entered Level 1 of the Orcish Mines
 26885 | Orc:2    | Entered Level 2 of the Orcish Mines
 26908 | Orc:2    | Received a gift from Okawaru
 27286 | Orc:2    | Found a staircase to the Elven Halls.
 27820 | Orc:2    | Found Keusocal's Distillery.
 27955 | Orc:2    | Found Nar Rish's Magic Scroll Emporium.
 28026 | Orc:2    | Bought a potion of curing for 48 gold pieces
 28026 | Orc:2    | Bought a potion of curing for 48 gold pieces
 28026 | Orc:2    | Bought a potion of curing for 48 gold pieces
 28026 | Orc:2    | Bought a potion of heal wounds for 80 gold pieces
 28026 | Orc:2    | Bought a potion of haste for 160 gold pieces
 28028 | Orc:2    | Bought a scroll of enchant armour for 97 gold pieces
 28028 | Orc:2    | Bought 2 scrolls of enchant armour for 195 gold pieces
 28582 | Orc:2    | Reached skill level 15 in Armour
 28636 | Orc:2    | Found Xacuon's Gadget Boutique.
 28636 | Orc:2    | Found Hoyqaek's Antique Weapon Shop.
 28636 | Orc:2    | Found a one-way gate leading to the halls of Pandemonium.
 28756 | Orc:2    | Reached XP level 16. HP: 165/165 MP: 6/15
 29015 | Spider:1 | Entered Level 1 of the Spider Nest
 29234 | Spider:1 | Reached skill level 21 in Fighting
 29603 | Spider:1 | Received a gift from Okawaru
 30030 | Spider:2 | Noticed Frances
 30586 | Spider:2 | Killed Frances
 30793 | Spider:2 | Received a gift from Okawaru
 31301 | Spider:3 | Noticed Arachne
 31314 | Spider:3 | Killed Arachne
 31793 | Spider:3 | Reached skill level 22 in Fighting
 32679 | Spider:4 | Entered Level 4 of the Spider Nest
 33321 | Spider:4 | Reached XP level 17. HP: 177/177 MP: 8/17
 33357 | Spider:4 | Received a gift from Okawaru
 34772 | Spider:4 | Got a gossamer rune of Zot
 34827 | Spider:4 | Reached skill level 23 in Fighting
 35059 | Swamp:1  | Entered Level 1 of the Swamp
 35081 | Swamp:1  | Noticed crawlian's ghost (journeyman DEFE)
 35083 | Swamp:1  | Killed crawlian's ghost
 35160 | Swamp:1  | Received a gift from Okawaru
 35334 | Swamp:1  | Identified a +2 pair of boots of running (Okawaru gifted it to you on level 1 of the Swamp)
 35664 | Swamp:1  | Noticed Bareth's ghost (journeyman MiBe)
 35679 | Swamp:1  | Killed Bareth's ghost
 37204 | Swamp:2  | Got a bloodstained war axe {speed}
 37205 | Swamp:2  | Identified the +5 war axe "Zash" {speed, Dex+4 Stlth+} (You took it off a spriggan rider on level 2 of the Swamp)
 37698 | Swamp:3  | Reached skill level 5 in Maces & Flails
 38363 | Swamp:4  | Entered Level 4 of the Swamp
 38432 | Swamp:4  | Reached XP level 18. HP: 190/190 MP: 9/18
 38445 | Swamp:4  | Noticed a tentacled monstrosity
 38460 | Swamp:4  | Killed a tentacled monstrosity
 38952 | Swamp:4  | Reached skill level 24 in Fighting
 39379 | Swamp:4  | Received a gift from Okawaru
 40418 | Swamp:4  | Got a decaying rune of Zot
 40971 | Vaults:1 | Entered Level 1 of the Vaults
 41122 | Vaults:1 | Received a gift from Okawaru
 41125 | Vaults:1 | Got a shimmering battleaxe {god gift}
 41126 | Vaults:1 | Identified the +8 battleaxe of Kuashriy {flame, Int+6 SInv} (Okawaru gifted it to you on level 1 of the Vaults)
 41362 | Vaults:1 | Noticed Nikola
 41368 | Vaults:1 | Killed Nikola
 41651 | Vaults:1 | Found Wakhip's Assorted Antiques.
 41665 | Vaults:1 | Bought 2 potions of curing for 138 gold pieces
 41800 | Vaults:1 | Got a pair of shimmering boots
 41801 | Vaults:1 | Identified the +1 pair of boots of Wrong Decisions {*Corrode rC+ Int+4} (You found it on level 1 of the Vaults)
 41911 | Vaults:1 | Received a gift from Okawaru
 42768 | Vaults:2 | Reached skill level 25 in Fighting
 43121 | Vaults:2 | Noticed Aizul
 43133 | Vaults:2 | Killed Aizul
 43315 | Vaults:2 | Reached XP level 19. HP: 202/202 MP: 10/19
 43456 | Vaults:2 | Paralysed by an ogre mage for 2 turns
 43928 | Vaults:2 | Found Zigato's Antique Weapon Emporium.
 44383 | Vaults:2 | Found a portal to a secret trove of treasure.
 44491 | Vaults:3 | Received a gift from Okawaru
 44820 | Vaults:3 | Reached skill level 26 in Fighting
 44830 | Vaults:3 | Paralysed by an ogre mage for 6 turns
 45224 | Vaults:3 | Received a gift from Okawaru
 45390 | Vaults:3 | Paralysed by a great orb of eyes for 6 turns
 45627 | Vaults:3 | Received a gift from Okawaru
 45627 | Vaults:3 | Reached XP level 20. HP: 194/215 MP: 11/20
 45642 | Vaults:3 | Found a staircase to the Crypt.
 45642 | Vaults:3 | Found an ancient bone altar of Kikubaaqudgha.
 45642 | Vaults:3 | Found a basalt altar of Yredelemnul.
 46196 | Vaults:4 | Reached skill level 27 in Fighting
 46536 | Vaults:4 | Received a gift from Okawaru
 46547 | Vaults:4 | Got a fine crystal plate armour {god gift}
 46548 | Vaults:4 | Identified the +5 crystal plate armour of Grace {Dex+6} (Okawaru gifted it to you on level 4 of the Vaults)
 46617 | Vaults:4 | Found Yloedief's Armour Shop.
 46673 | Vaults:4 | Paralysed by a sphinx for 7 turns
 47625 | Vaults:5 | Entered Level 5 of the Vaults
 47643 | Vaults:5 | Received a gift from Okawaru
 47682 | Vaults:5 | Reached XP level 21. HP: 99/224 MP: 7/21
 47684 | Vaults:5 | Received a gift from Okawaru
 47685 | Vaults:5 | Noticed a golden dragon
 47694 | Vaults:5 | Noticed an ancient lich
 47695 | Vaults:5 | Received a gift from Okawaru
 47699 | Vaults:5 | Killed an ancient lich
 47708 | Vaults:5 | HP: 11/224 [yaktaur captain (23)]
 47710 | Vaults:5 | HP: 2/224 [stone giant/large rock (20)]
 47723 | Vaults:5 | Got a silver rune of Zot
 47802 | Vaults:5 | Noticed a golden dragon
 48270 | Vaults:5 | Mangled by a white very ugly thing

Skill      XL: |  1  2  3  4  5  6  7  8  9 10 11 12 13 14 15 16 17 18 19 20 21 |
---------------+----------------------------------------------------------------+-----
Fighting       | 4 5 6 7 8 9 11 13 15 17 19 20 22 23 25 26 27 | 27.0
Armour         | 4 5 6 7 8 10 11 12 13 15 16 17 18 19 | 19.9
Axes           | 3 4 5 8 9 11 13 14 16 17 18 19 20 21 22 24 25 | 25.1
Dodging        | 1 2 3 4 |  4.8
Maces & Flails | 3 5 6 |  6.8
Invocations    | 1 2 |  2.7
Shields        | |  3.6

Action                   |  1- 3 |  4- 6 |  7- 9 | 10-12 | 13-15 | 16-18 | 19-21 || total
-------------------------+-------+-------+-------+-------+-------+-------+-------++-------
Melee: War axe           |    90 |    92 |   234 |   690 |   506 |   345 |       ||  1957
       Headbutt          |    11 |    17 |    37 |   138 |   319 |   379 |   199 ||  1100
       Punch             |       |       |       |     4 |     3 |       |       ||     7
       Flail             |       |       |       |     8 |    28 |    77 |       ||   113
       Broad axe         |       |       |       |       |   680 |   691 |       ||  1371
       Battleaxe         |       |       |       |       |    18 |   164 |   579 ||   761
Invok: Heroism           |       |       |       |     5 |     5 |     2 |     2 ||    14
       Finesse           |       |       |       |       |       |     2 |     1 ||     3
  Use: Potion            |     2 |     2 |     2 |     1 |     5 |    10 |    11 ||    33
       Scroll            |       |    10 |     4 |    14 |     8 |    14 |    11 ||    61
  Eat: Chunk             |     2 |     5 |     8 |    15 |    25 |    19 |    10 ||    84
       Fruit             |       |       |       |    11 |    19 |     2 |     3 ||    35
       Royal jelly       |       |       |       |     9 |     2 |    13 |     1 ||    25
Armor: Scale mail        |    49 |    37 |     8 |       |       |       |       ||    94
       Plate armour      |       |       |   134 |   349 |   189 |       |       ||   672
       Skin              |       |       |       |       |    17 |       |       ||    17
       Crystal plate arm |       |       |       |       |   201 |   681 |   354 ||  1236
Dodge: Dodged            |    47 |    53 |    84 |   291 |   668 |   724 |   326 ||  2193
Block: Other             |       |       |       |    41 |   114 |   125 |    52 ||   332
       Reflection        |       |       |       |       |     4 |     6 |     7 ||    17
